 Dungeon Crawl Stone Soup version 0.28-a0-1555-g9ae15a6949 (webtiles) character file.

Game seed: 984333097510650248

28 psuckher the Sneak (level 3, -3/30 HPs)
             Began as a Barachi Delver on Jan 18, 2022.
             Killed from afar by a white imp (5 damage)
             ... with a puff of frost
             ... on level 5 of the Dungeon.
             The game lasted 00:01:02 (158 turns).

psuckher the Sneak (Barachi Delver)                  Turns: 158, Time: 00:01:03

Health: -3/30      AC:  3    Str: 15    XL:     3   Next: 12%
Magic:  3/3        EV: 12    Int: 10    God:
Gold:   7          SH:  0    Dex: 13    Spells: 2/2 levels left

rFire   . . .      SeeInvis .   a - +0 short sword
rCold   . . .      Faith    .   (no shield)
rNeg    . . .      Spirit   .   b - +0 leather armour
rPois   .          Reflect  .   (no helmet)
rElec   .          Harm     .   (no cloak)
rCorr   .          Rampage  .   (no gloves)
Will    .....                   (no boots)
Stlth   +++.......              (no amulet)
HPRegen 0.10/turn               (no ring)
MPRegen 0.08/turn               (no ring)

@: slow
A: amphibious, slowness 1, strong legs 1, +LOS
a: Hop


You were on level 5 of the Dungeon.
You visited 1 branch of the dungeon, and saw 2 of its levels.

You collected 7 gold pieces.

Inventory:

Hand Weapons
 a - a +0 short sword (weapon)
Armour
 b - a +0 leather armour (worn)
 h - a +0 ring mail
Wands
 g - a wand of digging (3)
Scrolls
 c - 2 scrolls of fog
 d - a scroll of magic mapping
Potions
 f - a potion of haste


   Skills:
 + Level 3.9 Fighting
 + Level 2.3 Short Blades
 + Level 0.2 Armour
 + Level 2.3 Dodging
 + Level 5.1 Stealth


You had 2 spell levels left.
You didn't know any spells.
Your spell library was empty.

Dungeon Overview and Level Annotations

Branches:
Dungeon (5/15)
 Temple: D:4-7

Altars:

Annotations:
D:4 Ijyb


Innate Abilities, Weirdness & Mutations

You are amphibious.
You cover ground slowly.
You can hop short distances.
You have an extended range of vision and can be seen from far away.


Message History

You climb upwards.
The white imp shouts, "Out, out, thou baffled toot-wallowing toady!"
The hobgoblin shouts!
Found 30 gold pieces, 17 arrows and a fizzy blue potion.
Found a stone staircase leading up.
There is a stone staircase leading down here.
The white imp hits you but does no damage.
You climb downwards.
There is a stone staircase leading up here.
You hit the white imp but do no damage. The white imp hits you.
* * * LOW HITPOINT WARNING * * *
The white imp freezes you.
* * * LOW HITPOINT WARNING * * *
You completely miss the white imp.
The white imp hits you but does no damage.
You hit the white imp but do no damage.
The white imp hits you but does no damage.
You barely miss the white imp.
The white imp hits you but does no damage.
You barely miss the white imp. The white imp closely misses you.
You hit the white imp.
The white imp is lightly wounded.
The white imp gestures at you. The puff of frost misses you.
You barely miss the white imp.
The white imp is lightly wounded.
The white imp closely misses you.
You barely miss the white imp. The white imp hits you.
* * * LOW HITPOINT WARNING * * *
The white imp freezes you.
* * * LOW HITPOINT WARNING * * *
As you read the scroll of fear, it crumbles to dust.
You assume a fearsome visage.
The white imp looks frightened!
Cornered, the white imp turns to fight!
The white imp barely misses you.
The white imp shouts, "Back with thee, thou worthless mumble-news minnow reeky!"
The white imp completely misses you. The white imp gestures at you.
The puff of frost hits you.
You die...

#
#[##.##...........##
# #....
#.####.#####.#.##
#.##.##. #......#
#.....
.......##.######
###.## ..........#
##.##
#.......########
#...# ####...
#..##.....# #...#
..#..###..##.....#
#...#
........<@......#
##.##
.#..####.##5...<#
#.# #..####.##.....#
#.# #.......########
##.#
##.##############
#..#
#.##...........#
#.##
#.##.#######.#.# #.#
#.##.# #.#.#####.#
#.##.# #.........#


You could see a white imp.

Vanquished Creatures
  A hound (D:5)
1 creature vanquished.

Vanquished Creatures (others)
  3 plants (D:5)
3 creatures vanquished.

Grand Total: 4 creatures vanquished

Notes
Turn   | Place    | Note
-------+----------+-------------------------------------------
     0 | D:5      | psuckher the Barachi Delver began the quest for the Orb.
     0 | D:5      | Reached XP level 1. HP: 18/18 MP: 1/1
   109 | D:5      | Noticed a hound
   128 | D:5      | Killed a hound
   129 | D:5      | Reached skill level 5 in Stealth
   129 | D:5      | Reached XP level 2. HP: 5/25 MP: 2/2
   129 | D:5      | Reached XP level 3. HP: 6/30 MP: 3/3
   140 | D:4      | Noticed Ijyb
   150 | D:5      | HP: 1/30 [white imp (2)]
   158 | D:5      | Killed from afar by a white imp

Illustrated notes

Levels and vault maps discovered:
D:4:      layout_cave_pools, lemuel_round_altar, minmay_manual_mares, uniq_ijyb
D:5:      layout_loops_cross, hellmonk_ghost_happy_afterlife, serial_bayou,
          serial_bayou_ford_a, serial_bayou_shore_a, serial_bayou_pond_c,
          serial_bayou_pond_b, minmay_fractal_squares_diagonal_5

Skill      XL: |  1 |
---------------+----+-----
Stealth        | 5 |  5.1
Fighting       | |  3.9
Short Blades   | |  2.3
Armour         | |  0.2
Dodging        | |  2.3

Action                   || total
-------------------------++-------
Melee: Short sword       ||    22
  Use: Scroll            ||     1
Armor: Leather armour    ||     4
Dodge: Dodged            ||    20

Table legend: (Time is in decaauts)
 A = Elapsed time spent in this place.
 B = Non-inter-level travel time spent in this place.
 C = Inter-level travel time spent in this place.
 D = Time resting spent in this place.
 E = Time spent auto-exploring this place.
 F = Levels seen in this place.
 G = Mean time per level.
                   A        B        C        D        E       F      G
               +--------+--------+--------+--------+--------+-----+--------+
         Total |    183 |    183 |      0 |      0 |      0 |   2 |   91.5 |
       Dungeon |    183 |    183 |      0 |      0 |      0 |   2 |   91.5 |
               +--------+--------+--------+--------+--------+-----+--------+

Top non-repeatable levels by time:
     D:5: 182 daAuts
     D:4: 1 daAuts
